 Dungeon Crawl Stone Soup version 0.30.1-3-gfc49f6343a (webtiles) character file.

Game seed: 3916531348004716019

37702 GeoRichter the Black Sun (level 13, -13/66 (80) HPs)
             Began as a Deep Elf Ice Elementalist on Aug 1, 2023.
             Was a High Priest of Kikubaaqudgha.
             Killed from afar by a necromancer (38 damage)
             ... with a bolt of negative energy
             ... on level 5 of the Lair of Beasts.
             The game lasted 00:49:32 (16600 turns).

GeoRichter the Black Sun (DEIE)                    Turns: 16600, Time: 00:49:32

HP:   -13/66 (80)   AC: 13    Str:  9    XL:     13   Next: 59%
MP:   0/30          EV: 18    Int: 25    God:    Kikubaaqudgha [*****.]
Gold: 463           SH:  0    Dex: 14    Spells: 7/34 levels left

rFire   + . .        P - +5 spear (flame)
rCold   + . .        (no shield)
rNeg    . . .        t - +3 steam dragon scales
rPois   +            (no helmet)
rElec   .            E - +2 cloak
rCorr   .            (no gloves)
SInv    .            e - +1 pair of boots {Stlth+}
Will    +++..        N - amulet of Ofuwul Luze {Spirit rF+ rC+}
Stlth   ++++         w - ring of poison resistance
HPRegen 0.31/turn    L - +5 ring of evasion
MPRegen 0.22/turn

%: guardian spirit
@: studying Dodging, heavily drained
A: strong-willed 2, strong 1
a: Renounce Religion, Unearth Wretches, Torment


You were on level 5 of the Lair of Beasts.
You worshipped Kikubaaqudgha.
Kikubaaqudgha was extremely pleased with you.
You visited 2 branches of the dungeon, and saw 15 of its levels.
You also visited: Sewer and Bailey.

You collected 777 gold pieces.
You spent 314 gold pieces at shops.

Inventory:

Hand Weapons
 K - the +5 long sword of Gravity {flame, rC+}
   (You found it on level 8 of the Dungeon)

   rC:        It protects you from cold.
 P - a +5 spear of flaming (weapon)
   (You took it off a wight on level 8 of the Dungeon)
Armour
 e - a +1 pair of boots of stealth (worn)
   (You bought it in a shop on level 7 of the Dungeon)
 t - +3 steam dragon scales (worn)
   (You found it on level 3 of the Dungeon)
 E - a +2 cloak (worn)
   (You bought it in a shop on level 7 of the Dungeon)
 R - a scarf of harm
   (You found it on level 4 of the Lair of Beasts)
Jewellery
 g - a ring of protection from cold
   (You found it on level 7 of the Dungeon)
 k - a ring of flight
   (You found it on level 1 of the Dungeon)
 u - a ring of ice
   (You found it on level 2 of the Lair of Beasts)
 w - a ring of poison resistance (left hand)
   (You found it in a bailey)
 B - a ring of see invisible
   (You took it off an orc on level 6 of the Dungeon)
 L - a +5 ring of evasion (right hand)
   (You found it on level 9 of the Dungeon)
 N - the amulet of Ofuwul Luze (around neck) {Spirit rF+ rC+}
   (You acquired it in a bailey)

   [amulet of guardian spirit]

   It causes incoming damage to be divided between your reserves of health and
   magic.
   rF:        It protects you from fire.
   rC:        It protects you from cold.
 T - a ring of resist corrosion
   (You found it on level 4 of the Lair of Beasts)
Wands
 n - a wand of iceblast (6)
   (You found it on level 2 of the Lair of Beasts)
 p - a wand of paralysis (11)
   (You found it on level 2 of the Dungeon)
 y - a wand of polymorph (4)
   (You found it on level 3 of the Lair of Beasts)
 D - a wand of quicksilver (2)
   (You found it on level 7 of the Dungeon)
 S - a wand of mindburst (8)
   (You found it on level 4 of the Lair of Beasts)
Scrolls
 a - a scroll of torment {unknown}
 c - a scroll of poison {!r}
 d - a scroll of immolation {unknown}
 f - 2 scrolls of vulnerability {!r}
 m - 4 scrolls of noise {!r}
 q - a scroll of fog {unknown}
 s - 6 scrolls of teleportation {@r4}
 C - a scroll of blinking {unknown}
 G - 3 scrolls of fear
 I - a scroll of amnesia {unknown}
 M - a scroll of magic mapping
 Q - 2 scrolls of brand weapon
 U - a scroll of enchant armour
Potions
 b - 2 potions of magic
 h - 2 potions of resistance
 j - 13 potions of curing {@q1}
 l - 2 potions of lignification {!q}
 o - a potion of invisibility
 r - 2 potions of cancellation {unknown}
 v - a potion of berserk rage {unknown}
 x - 2 potions of flight
 z - 4 potions of haste {@q3}
 A - 3 potions of brilliance
 F - 3 potions of ambrosia {unknown}
 H - a potion of heal wounds {@q2}
 J - 2 potions of attraction {unknown}
 O - 2 potions of might
Miscellaneous
 i - a phantom mirror
   (You found it in a sewer)


   Skills:
 + Level 9.2 Fighting
 - Level 3.0 Armour
 - Level 4.1 Dodging
 - Level 4.0 Stealth
 + Level 11.0 Spellcasting
 * Level 16.6 Necromancy
 - Level 13.0 Ice Magic
 - Level 4.0 Earth Magic
 - Level 4.0 Evocations


You had 7 spell levels left.
You knew the following spells:

 Your Spells              Type           Power      Damage    Failure   Level
a - Freeze                Ice            100%       1d10      1%          1
b - Frozen Ramparts       Ice            100%       1d16      1%          3
c - Ozocubu's Armour      Ice            68%        N/A       1%          3
d - Necrotise             Necr           100%       1d9       0%          1
e - Simulacrum            Ice/Necr       36%        N/A       1%          6
f - Borgnjor's Vile Clut  Necr/Erth      30%        N/A       1%          5
g - Dispel Undead         Necr           77%        3d25      1%          4
h - Animate Dead          Necr           77%        N/A       1%          4

Your spell library contained the following spells:

 Spells                   Type           Power      Damage    Failure   Level
 Sublimation of Blood     Necr           77%        N/A       0%          2
 Vampiric Draining        Necr           77%        2d11      0%          3
 Cigotuvi's Dreadful Rot  Necr/Pois/Air  82%        N/A       1%          2
 Anguish                  Hex/Necr       26%        N/A       1%          4
 Summon Ice Beast         Ice/Summ       46%        N/A       3%          4
 Ignite Poison            Fire/Tmut/Pois 13%        N/A       13%         3
 Cause Fear               Hex            6%         N/A       41%         4
 Sticky Flame             Conj/Fire      13%        2d4       41%         4
 Fireball                 Conj/Fire      6%         3d5       77%         5
 Iskenderun's Battlesphe  Conj           13%        2d7       77%         5
 Conjure Ball Lightning   Conj/Air       6%         3x3d6     100%        6
 Orb of Destruction       Conj           6%         9d6       100%        7
 Ignition                 Fire           6%         3d4       100%        8


Dungeon Overview and Level Annotations

Branches:
Dungeon (10/15) Zot: 26965  Temple (0/1) D:6            Lair (5/5) D:9 Zot: 24188
 Shoals (0/4) Lair:2       Spider (0/4) Lair:3        Slime (0/5) Lair:4
  Sewer (visited)          Bailey (visited)
    Orc: D:9-12

Altars:
Ashenzari
Dithmenos
Kikubaaqudgha
Makhleb
Uskayaw
Wu Jian
The Shining One

Shops:
D:7 ![*[   D:8 *[

Annotations:
D:7 2 runed translucent doors, Crazy Yiuf; Kairakan's ghost, novice HuGl
Lair:3 1 runed translucent door


Innate Abilities, Weirdness & Mutations

You are highly strong-willed. (Will++)
Your muscles are strong. (Str +4, Int/Dex -1)


Message History

The elephant simulacrum freezes your elephant simulacrum.
Your elephant simulacrum completely resists.
You could not reach far enough!
Your elephant simulacrum tramples the necromancer!
The necromancer holds its ground!
Your elephant simulacrum trunk-slaps the necromancer but does no damage.
You could not reach far enough!
Your elephant simulacrum tramples the necromancer!
The necromancer holds its ground!
Your elephant simulacrum closely misses the necromancer.
The necromancer hits your elephant simulacrum with a +0 dagger.
You reach to attack!
You hit the necromancer. You burn the necromancer.
The necromancer is heavily wounded.
Your elephant simulacrum tramples the elephant simulacrum.
The elephant simulacrum holds its ground!
Your elephant simulacrum trunk-slaps the elephant simulacrum.
Your elephant simulacrum freezes the elephant simulacrum.
The elephant simulacrum completely resists.
The elephant simulacrum tramples your elephant simulacrum!
Your elephant simulacrum holds its ground!
Your elephant simulacrum vaporises!
You reach to attack!
You barely miss the necromancer.
The necromancer is heavily wounded.
Casting: Simulacrum (dangerous; 1% risk of failure)
Confirm with . or Enter, or press ? or * to list all spells.
Aiming: Dispel Undead (safe; 1% risk of failure)
Press: ? - help, Shift-Dir - straight line, f - elephant simulacrum, p - necromancer
Aim: an elephant simulacrum (moderately damaged, 100% to hit)
The elephant simulacrum is dispelled!!!
The elephant simulacrum vaporises!
The necromancer points at you and mumbles some strange words.
The bolt of negative energy hits you!!
You feel drained.
You reach to attack!
You hit the necromancer. You burn the necromancer.
The necromancer is severely wounded.
The necromancer gestures at you while chanting.
You resist with almost no effort.
You reach to attack!
You hit the necromancer. You burn the necromancer.
The necromancer is severely wounded.
The necromancer points at you and mumbles some strange words.
The bolt of negative energy hits you!!
You feel drained.
You reach to attack!
You hit the necromancer. You burn the necromancer.
The necromancer is almost dead.
The necromancer gestures at you while chanting.
The bolt of negative energy hits you!
You feel drained.
* * * LOW HITPOINT WARNING * * *
The necromancer points at you and mumbles some strange words.
The bolt of negative energy hits you!!!
You feel drained.
Ouch! That really hurt!
You die...
Kikubaaqudgha rasps: "You have failed me!
Welcome... death!"

##### ♣♣# #8.8#
♣♣8♣ #...#
#♣..♣##...#
#8...♣#...#
#.8.##...#
♣...'.PP#
♣.#.##### #.@..#
#.##.# #p.#.##
#..#..# #..##.#
#...#.###
#...#...#
##'####.##
#....#..#?.....P.


You could see a necromancer.

Vanquished Creatures
  Kirke (Lair:3)
  An orc warlord (Bailey)
  A boulder beetle (D:8)
  2 death yaks (Lair:5)
  A two-headed ogre (D:8)
  2 spectral death yaks (Lair:5)
  A skeletal warrior (D:8)
  An orc knight (Bailey)
  A manticore (D:8)
  3 black mambas
  Joseph (D:7)
  A dire elephant zombie (Lair:5)
  3 elephants
  12 cane toads
  3 komodo dragons (Lair:1)
  A polar bear (Lair:3)
  3 trolls
  Prince Ribbit (D:8)
  Grinder (D:6)
  8 blink frogs
  A snapping turtle (Lair:2)
  3 slime creatures
  6 yaks
  Sigmund (D:2)
  2 hogs (Lair:3)
  A wyvern (Lair:4)
  Eustachio (D:5)
  2 steam dragons
  Menkaure (D:5)
  2 vampire mosquitoes (D:8)
  A spectral cane toad (Lair:5)
  3 water moccasins
  2 acid dragons
  3 orc warriors
  2 sky beasts
  2 ogres (D:4)
  10 wolves
  6 centaurs
  3 elephant skeletons (Lair:5)
  A phantom (D:5)
  2 kobold brigands
  2 scorpions (Lair:3)
  8 bullfrogs
  16 wights
  2 elephant simulacra (Lair:5)
  3 killer bees (D:6)
  2 howler monkeys
  2 jellies
  2 hounds
  6 orc priests
  Terence (D:2)
  2 iguanas
  Natasha (twice) (D:3)
  A sleepcap (D:5)
  Ijyb (D:3)
  7 orc wizards
  10 gnolls
  12 adders
  4 shadow imps
  2 white imps
  An ufetubus (D:7)
  4 worms
  A dart slug (D:1)
  34 orcs
  7 bats
  12 endoplasms
  7 giant cockroaches
  4 hobgoblins
  6 jackals
  6 quokkas
  5 ball pythons
  6 frilled lizards
  6 goblins
  31 kobolds
  5 rats
323 creatures vanquished.

Vanquished Creatures (collateral kills)
  A dire elephant (Lair:5)
  A hydra (Lair:4)
  Urug (Lair:3)
  A skyshark (Lair:4)
  8 elephants (Lair:5)
  A torpor snail (Lair:5)
  7 cane toads
  3 rime drakes
  A komodo dragon (Lair:5)
  3 polar bears (Lair:2)
  8 blink frogs
  A basilisk (Lair:2)
  2 hogs (Lair:3)
  10 yaks
  A wyvern (Lair:4)
  A steam dragon (D:8)
  A death yak simulacrum (Lair:5)
  A spectral cane toad (Lair:5)
  3 water moccasins
  A wolf (Lair:1)
  A bullfrog (Lair:4)
  2 jellies (Lair:4)
  An orc priest (D:9)
  A shadow imp (D:8)
  An orc (D:8)
  A kobold (Bailey)
63 creatures vanquished.

Vanquished Creatures (others)
  A boulder beetle (Lair:5)
  A cane toad (Lair:5)
  A komodo dragon (Lair:3)
  A boulder beetle zombie (Lair:5)
  A black mamba zombie (Lair:5)
  2 humans (Lair:3)
  4 cane toad zombies (Lair:5)
  2 elephant zombies (Lair:5)
  A wolf (Lair:3)
  A centaur (D:8)
  A scorpion (Lair:3)
  3 yak zombies (Lair:5)
  5 wolf zombies (Lair:5)
  A worm (Lair:3)
25 creatures vanquished.

Grand Total: 411 creatures vanquished

Notes
Turn   | Place    | Note
-------+----------+-------------------------------------------
     0 | D:1      | GeoRichter the Deep Elf Ice Elementalist began the quest
                  | for the Orb.
     0 | D:1      | Reached XP level 1. HP: 10/10 MP: 6/6
   127 | D:1      | Reached XP level 2. HP: 11/15 MP: 4/8
   356 | D:1      | Reached skill level 5 in Ice Magic
   914 | D:1      | Reached XP level 3. HP: 19/19 MP: 9/9
   919 | D:1      | Learned a level 3 spell: Frozen Ramparts
   923 | D:1      | Learned a level 3 spell: Ozocubu's Armour
  1065 | D:2      | Noticed Terence
  1080 | D:2      | Killed Terence
  1081 | D:2      | Reached XP level 4. HP: 17/24 MP: 4/10
  1578 | D:2      | Gained mutation: Your system is resistant to poisons.
                  | (rPois) [potion of mutation]
  1578 | D:2      | Gained mutation: You have hidden genetic potential. [potion
                  | of mutation]
  1578 | D:2      | Lost mutation: Your system is resistant to poisons. (rPois)
                  | [potion of mutation]
  1578 | D:2      | Gained mutation: Your muscles are strong. (Str +4, Int/Dex
                  | -1) [potion of mutation]
  1826 | D:2      | Noticed Sigmund
  1855 | D:2      | Killed Sigmund
  1856 | D:2      | Reached skill level 1 in Fighting
  1856 | D:2      | Reached XP level 5. HP: 29/29 MP: 4/13
  1877 | D:2      | Gained mutation: You are strong-willed. (Will+) [hidden
                  | potential]
  2376 | D:3      | Noticed Natasha
  2385 | D:3      | Killed Natasha
  2386 | D:3      | Reached XP level 6. HP: 34/34 MP: 7/14
  2530 | D:3      | Found a glowing golden altar of the Shining One.
  2614 | D:3      | Noticed Ijyb
  2617 | D:3      | Noticed Natasha
  2634 | D:3      | Killed Ijyb
  2953 | D:3      | Noticed a steam dragon
  2961 | D:3      | Killed a steam dragon
  2962 | D:3      | Reached skill level 1 in Armour
  2971 | D:3      | Gained mutation: You are highly strong-willed. (Will++)
                  | [hidden potential]
  2971 | D:3      | Lost mutation: You have hidden genetic potential. [hidden
                  | potential expressed]
  3396 | D:4      | Found an ancient bone altar of Kikubaaqudgha.
  3422 | D:4      | Became a worshipper of Kikubaaqudgha
  3555 | D:4      | Reached XP level 7. HP: 38/38 MP: 16/16
  3596 | D:3      | Killed Natasha
  3653 | D:4      | Reached skill level 2 in Necromancy
  3653 | D:4      | Reached skill level 1 in Evocations
  3749 | D:4      | Reached skill level 3 in Necromancy
  4017 | D:4      | Reached * piety under Kikubaaqudgha
  4017 | D:4      | Received a gift from Kikubaaqudgha
  4169 | D:4      | Reached skill level 4 in Necromancy
  4291 | D:4      | Learned a level 1 spell: Necrotise
  4503 | D:5      | Entered Level 5 of the Dungeon
  4518 | D:5      | Noticed Menkaure
  4671 | D:5      | Reached XP level 8. HP: 39/43 MP: 9/17
  4945 | D:5      | Reached skill level 5 in Necromancy
  5060 | D:5      | Reached skill level 5 in Spellcasting
  5178 | D:5      | Noticed Eustachio
  5183 | D:5      | Killed Eustachio
  5445 | D:5      | Found an ornate altar of the Wu Jian Council.
  5636 | D:5      | Killed Menkaure
  5637 | D:5      | Reached skill level 6 in Necromancy
  5649 | D:6      | Found a shadowy altar of Dithmenos.
  5700 | D:6      | Reached skill level 7 in Necromancy
  5873 | D:6      | Found a staircase to the Ecumenical Temple.
  5916 | D:6      | Reached ** piety under Kikubaaqudgha
  5919 | D:6      | Found a glowing drain.
  6000 | Sewer    | Entered a sewer
  6104 | Sewer    | Reached XP level 9. HP: 49/49 MP: 13/20
  6484 | D:6      | Found a hide-covered altar of Uskayaw.
  6645 | D:6      | Noticed Grinder
  6675 | D:6      | Killed Grinder
  6922 | D:7      | Reached skill level 8 in Necromancy
  7063 | D:7      | Found Edefes's Antique Armour Emporium.
  7070 | D:7      | Found Cebb's Distillery.
  7074 | D:7      | Bought a runed cloak for 157 gold pieces
  7302 | D:7      | Found a burning altar of Makhleb.
  7371 | D:7      | Noticed Kairakan's ghost (novice HuGl)
  7373 | D:7      | Found a runed translucent door.
  7373 | D:7      | You are sucked into a shaft and drop 2 floors!
  7521 | D:8      | Noticed a boulder beetle
  7668 | D:8      | Reached skill level 9 in Necromancy
  7669 | D:8      | Noticed a skeletal warrior
  7680 | D:8      | Found Joih Raic's General Store.
  7820 | D:8      | Reached *** piety under Kikubaaqudgha
  7820 | D:8      | Received a gift from Kikubaaqudgha
  7832 | D:8      | Learned a level 6 spell: Simulacrum
  7864 | D:8      | Reached skill level 10 in Necromancy
  7866 | D:8      | Noticed a troll
  7920 | D:8      | Found a flagged portal.
  7921 | D:8      | Noticed Prince Ribbit
  7934 | D:8      | Killed Prince Ribbit
  7940 | Bailey   | Entered a bailey
  7990 | Bailey   | Noticed an orc warlord
  8028 | Bailey   | Reached XP level 10. HP: 56/58 MP: 6/22
  8046 | Bailey   | Found a runed translucent gate.
  8047 | Bailey   | Found a runed translucent gate.
  8048 | Bailey   | Found a runed translucent gate.
  8060 | Bailey   | Noticed an orc knight
  8076 | Bailey   | Killed an orc knight
  8351 | Bailey   | Killed an orc warlord
  8352 | Bailey   | Reached skill level 5 in Fighting
  8374 | Bailey   | Acquired the amulet of Ofuwul Luze {Spirit rF+ rC+}
  8441 | D:8      | Learned a level 5 spell: Borgnjor's Vile Clutch
  8523 | D:7      | Found Syilumyrr's Assorted Antiques.
  8526 | D:7      | Noticed Joseph
  8537 | D:7      | Killed Joseph
  8590 | D:7      | Found Izxos's Armour Shop.
  8642 | D:7      | Bought a pair of embroidered boots for 157 gold pieces
  8673 | D:7      | Found a broken altar of Ashenzari.
  8912 | D:7      | Found a runed translucent door.
  8913 | D:7      | Noticed Crazy Yiuf
  8970 | D:8      | Reached skill level 11 in Necromancy
  9211 | D:8      | Killed a skeletal warrior
  9212 | D:8      | Reached skill level 10 in Ice Magic
  9340 | D:8      | Noticed a manticore
  9341 | D:8      | Reached **** piety under Kikubaaqudgha
  9348 | D:8      | Killed a manticore
  9412 | D:8      | Noticed a two-headed ogre
  9419 | D:8      | Killed a two-headed ogre
  9420 | D:8      | Reached XP level 11. HP: 63/64 MP: 13/23
  9585 | D:8      | Learned a level 4 spell: Dispel Undead
  9708 | D:8      | Killed a boulder beetle
  9895 | D:8      | Found the +10 tower shield of Ignorance {rN+ Int-4}
  9901 | D:8      | Identified the +3 plate armour "Zoyseycik" {rCorr Int+2}
  9901 | D:8      | Identified the +5 long sword of Gravity {flame, rC+}
  9901 | D:8      | Identified the +2 robe of the Bull {Dex+3}
  9902 | D:8      | Got the Compilation of Unfortunate Sinister Deeds
 10232 | D:8      | Found Schrutan's Dragon-Slaying Spoils.
 10288 | D:9      | Identified the +0 plate armour "Imnuysut" {*Corrode +Inv
                  | rElec Stlth+}
 10341 | D:9      | Reached skill level 12 in Necromancy
 10873 | D:9      | Found a staircase to the Lair.
 10923 | D:10     | Entered Level 10 of the Dungeon
 10956 | Lair:1   | Entered Level 1 of the Lair of Beasts
 11618 | Lair:1   | Reached ***** piety under Kikubaaqudgha
 12263 | Lair:1   | Reached XP level 12. HP: 44/72 MP: 3/24
 12637 | Lair:2   | Reached skill level 13 in Necromancy
 12646 | Lair:2   | Reached skill level 1 in Earth Magic
 13014 | Lair:2   | Found a staircase to the Shoals.
 13602 | Lair:3   | Found a runed translucent door.
 13694 | Lair:3   | Noticed Kirke
 13698 | Lair:3   | Killed Kirke
 14116 | Lair:3   | Reached skill level 14 in Necromancy
 14351 | Lair:3   | Noticed Urug
 14362 | Lair:3   | Killed Urug
 14478 | Lair:3   | Found a hole to the Spider Nest.
 14853 | Lair:4   | Noticed a four-headed hydra
 14857 | Lair:4   | Killed a four-headed hydra
 15022 | Lair:4   | Learned a level 4 spell: Animate Dead
 15177 | Lair:4   | Reached skill level 15 in Necromancy
 15202 | Lair:4   | Reached XP level 13. HP: 42/79 MP: 5/28
 15386 | Lair:4   | Found a staircase to the Slime Pits.
 15874 | Lair:5   | Entered Level 5 of the Lair of Beasts
 16061 | Lair:5   | Reached skill level 10 in Spellcasting
 16126 | Lair:5   | Noticed a dire elephant
 16126 | Lair:5   | Noticed a dire elephant
 16129 | Lair:5   | Noticed a dire elephant
 16129 | Lair:5   | Noticed a dire elephant
 16133 | Lair:5   | Killed a dire elephant
 16149 | Lair:5   | Reached skill level 16 in Necromancy
 16600 | Lair:5   | Killed from afar by a necromancer

Illustrated notes

Levels and vault maps discovered:
D:1:      shiori_arrival_elements, layout_loops_ring
D:2:      layout_basic, uniq_terence, uniq_sigmund
D:3:      minmay_inner_zag, layout_loops_ring,
          mainiacjoe_overflow_six_doors_small, uniq_natasha, uniq_ijyb
D:4:      minmay_diamond_boxcup, layout_loops_ring, mainiacjoe_overflow_paths
D:5:      layout_loops_ring, pdpol_wu_jian_five_deadly_venoms, uniq_menkaure,
          uniq_eustachio
D:6:      layout_basic, mainiacjoe_overflow_tiny_flanked,
          mainiacjoe_overflow_brackets, minmay_temple_entry_drinking_statues,
          gup_sewer_entry_pipe, chequers_serial_rivers_large_a,
          reono_crystal_passage, uniq_grinder
D:7:      layout_rooms, nicolae_ashenzari_skybound, makhleb_heckhound_becter,
          serial_shops, shop, nicolae_shop_statue_plus, nicolae_shop_stone,
          shop, hellmonk_ghost_happy_afterlife, uniq_crazy_yiuf_cottage,
          uniq_joseph
D:8:      minmay_the_grid_plus [minmay_the_grid_stretched_grid,
          minmay_the_grid_eight, minmay_the_grid_outer_circle,
          minmay_the_grid_large_cup, minmay_the_grid_prize_shrinking_boxes],
          layout_basic, enter_bailey_2, serial_shops, shop,
          nicolae_shop_dragon_depot, uniq_prince_ribbit1
D:9:      layout_rooms, lair_entry_dummy
D:10:     layout_cave_pools, xom_teletrap_fun, grunt_qazlal_sundering,
          nicolae_shop_self_help
Lair:1:   layout_concentric_octagons
Lair:2:   layout_regular_city, minmay_shoals_entry_hut, serial_forest,
          infiniplex_forest_corner_1, infiniplex_forest_diagonal,
          infiniplex_forest_lined_4_way, infiniplex_forest_straight_5,
          infiniplex_forest_clump_diagonal, infiniplex_forest_clump_small,
          cheibrodos_lair_lostbears, lemuel_fruit_tree
Lair:3:   gammafunk_mikee_crab_dinner, layout_regular_city,
          nicolae_spider_entry_non_spiders, lemuel_fruit_fields, uniq_urug,
          uniq_kirke
Lair:4:   layout_roguey, minmay_slime_entry_pillars, infiniplex_staircase_pool_2
Lair:5:   due_jungle_book, layout_regular_city, grunt_forest_large_clearing_hut,
          grunt_megastairs_5

Skill      XL: |  1  2  3  4  5  6  7  8  9 10 11 12 13 |
---------------+----------------------------------------+-----
Ice Magic      | 5 6 7 10 13 | 13.0
Stealth        | 3 4 |  4.0
Fighting       | 1 2 4 5 7 8 9 |  9.2
Spellcasting   | 4 6 7 9 11 | 11.0
Armour         | 1 2 3 |  3.0
Necromancy     | 4 7 10 11 12 15 16 | 16.6
Evocations     | 2 4 |  4.0
Dodging        | 4 |  4.1
Earth Magic    | 4 |  4.0

Action                     |  1- 3 |  4- 6 |  7- 9 | 10-12 | 13-15 || total
---------------------------+-------+-------+-------+-------+-------++-------
  Melee: Unarmed           |     3 |       |       |       |       ||     3
         Spear             |    15 |    47 |   170 |   349 |   105 ||   686
         Dagger            |     2 |       |       |       |       ||     2
         Punch             |       |       |     4 |     3 |     1 ||     8
  Throw: Dart              |       |       |     2 |       |       ||     2
   Cast: Freeze            |    38 |    31 |    10 |    12 |       ||    91
         Frozen Ramparts   |     1 |     7 |    50 |    52 |    15 ||   125
         Ozocubu's Armour  |       |     8 |    30 |    35 |     5 ||    78
         Necrotise         |       |       |    84 |    49 |       ||   133
         Borgnjor's Vile C |       |       |       |     8 |     3 ||    11
         Simulacrum        |       |       |       |    30 |     2 ||    32
         Dispel Undead     |       |       |       |     5 |    15 ||    20
         Animate Dead      |       |       |       |       |     2 ||     2
 Invoke: Unearth Wretches  |       |       |       |     1 |     1 ||     2
  Evoke: Wand              |       |     1 |    12 |    11 |       ||    24
         Phantom mirror    |       |       |     1 |     1 |       ||     2
    Use: Potion            |       |     1 |     2 |     3 |     2 ||     8
         Scroll            |       |     1 |    16 |    12 |       ||    29
   Stab: Sleeping          |     2 |    11 |     1 |     1 |     3 ||    18
         Paralysed         |       |       |     7 |     4 |       ||    11
         Invisible         |       |       |     2 |       |       ||     2
         Distracted        |       |       |       |     2 |     2 ||     4
 Armour: Robe              |     8 |     3 |       |       |       ||    11
         Ring mail         |       |     3 |       |       |       ||     3
         Leather armour    |       |    13 |    36 |       |       ||    49
         Steam dragon scal |       |       |    20 |   132 |    32 ||   184
  Dodge: Dodged            |    18 |    29 |   131 |   322 |    63 ||   563
